 Dungeon Crawl Stone Soup version 0.22.1-2-g9c5b331 (webtiles) character file.

3766 nightchill the Grappler (level 10, -19/90 HPs)
             Began as a Ghoul Warper on Nov 18, 2018.
             Was a Believer of Makhleb.
             Demolished by an orc warrior
             ... wielding a +0 trident
              (21 damage)
             ... in a bailey.
             The game lasted 00:24:36 (7868 turns).

nightchill the Grappler (Ghoul Warper)              Turns: 7868, Time: 00:24:37

Health: -19/90     AC: 12    Str: 23    XL:     10   Next: 16%
Magic:  14/14      EV: 10    Int:  8    God:    Makhleb [**....]
Gold:   521        SH:  0    Dex:  8    Spells: 7/12 levels left

rFire    . . .     SeeInvis .     - Unarmed
rCold    + . .     Gourm    .   (no shield)
rNeg     + + +     Faith    .   q - +1 scale mail
rPois    ∞         Spirit   .   C - +2 hat
rElec    .         Reflect  .   l - +2 cloak
rCorr    .         Harm     .   (no gloves)
MR       .....                  (no boots)
Stlth    ..........             (no amulet)
HPRegen  0.00/turn              j - +4 ring of strength
MPRegen  0.14/turn              (no ring)

@: rotting
A: rotting body, claws 1, carnivore, cold resistance 1, negative energy
resistance 3, inhibited regeneration, torment resistance, unbreathing
a: Minor Destruction, Renounce Religion


You were in a bailey.
You worshipped Makhleb.
Makhleb was pleased with you.
You were not hungry.

You visited 2 branches of the dungeon, and saw 9 of its levels.
You also visited: Bailey.

You collected 521 gold pieces.

Inventory:

Hand Weapons
 b - a +1 blowgun
Missiles
 d - 5 tomahawks of dispersal (quivered)
 e - 414 stones
 s - 2 tomahawks
 A - 42 poisoned needles
Armour
 a - a +0 leather armour
 l - a +2 cloak (worn)
 q - a +1 scale mail (worn)
 u - a +0 plate armour
 C - a +2 hat (worn)
Jewellery
 j - a +4 ring of strength (left claw)
Wands
 w - a wand of random effects (31)
 y - a wand of polymorph (21)
Scrolls
 c - 2 scrolls of blinking
 g - 6 scrolls of identify
 h - 2 scrolls of fog
 k - 2 scrolls of immolation
 m - 2 scrolls of magic mapping {unknown}
 o - a scroll of fear
 p - a scroll of remove curse
 t - a scroll of enchant armour
Potions
 z - 6 potions of curing
 B - a potion of haste
Comestibles
 f - 15 rations
 i - 4 chunks of flesh


   Skills:
 + Level 8.7 Fighting
 - Level 1.0 Throwing
 - Level 0.8 Armour
 - Level 1.7 Dodging
 + Level 10.9 Unarmed Combat
 - Level 1.7 Spellcasting
 + Level 3.2 Translocations
 * Level 7.1 Invocations


You had 7 spell levels left.
You knew the following spells:

 Your Spells              Type           Power        Failure   Level  Hunger
a - Apportation           Tloc           #.....       26%         1    ##.....
b - Blink                 Tloc           N/A          36%         2    ###....
c - Shroud of Golubria    Chrm/Tloc      #.........   58%         2    ###....

Your spell library contained the following spells:

 Spells                   Type           Power        Failure   Level  Hunger
 Gell's Gravitas          Tloc           #.........   58%         3    ####...
 Lesser Beckoning         Tloc           #.........   58%         3    ####...
 Teleport Other           Tloc           #.......     58%         3    ####...
 Shock                    Conj/Air       #...         67%         1    ##.....
 Sting                    Conj/Pois      #...         67%         1    ##.....
 Summon Butterflies       Summ           #.......     67%         1    ##.....
 Poisonous Vapours        Pois/Air       #.....       82%         2    ###....
 Swiftness                Chrm/Air       #.......     82%         2    ###....
 Passage of Golubria      Tloc           N/A          94%         4    #####..
 Mephitic Cloud           Conj/Pois/Air  #.......     96%         3    ####...
 Static Discharge         Conj/Air       #.......     96%         3    ####...
 Tukima's Dance           Hex            #.......     96%         3    ####...
 Airstrike                Air            #.........   100%        4    #####..
 Olgreb's Toxic Radiance  Pois           #.......     100%        4    #####..
 Alistair's Intoxication  Tmut/Pois      #.......     100%        5    ######.
 Lightning Bolt           Conj/Air       #.........   100%        5    ######.
 Venom Bolt               Conj/Pois      #.........   100%        5    ######.
 Invisibility             Hex            #.......     100%        6    #######


Dungeon Overview and Level Annotations

Branches:
Dungeon (8/15)             Temple (1/1) D:6
   Lair: D:8-11

Altars:
Dithmenos
Gozag
Hepliaklqana
Makhleb
Nemelex Xobeh
Ru
Sif Muna
Trog
Uskayaw
Vehumet
Yredelemnul
Zin
The Shining One

Shops:
D:4 !


Innate Abilities, Weirdness & Mutations

Your body is rotting away.
You thrive on raw meat.
You are immune to poison.
You have sharp fingernails.
You are carnivorous and can eat meat at any time.
Your flesh is cold resistant. (rC+)
You are immune to negative energy. (rN+++)
You do not regenerate when monsters are visible.
You are immune to unholy pain and torment.
You can survive without breathing.


Message History

There is a large open door here.
There is a large open door here.
Things that are here:
a trident; a chain mail The orc knight roars a battlecry!
The orc warriors go into a battle-frenzy!
There is an open door here.
The orc knight hits you from afar with a glaive!
The orc warrior barely misses you.
The orc warrior hits you from afar with a trident!!
The orc warrior hits you from afar with a trident!
The orc knight hits you from afar with a glaive!
* * * LOW HITPOINT WARNING * * *
The orc warrior hits you from afar with a trident!
* * * LOW HITPOINT WARNING * * *
You open the door.
The orc knight hits you from afar with a glaive!
* * * LOW HITPOINT WARNING * * *
The orc warrior hits you from afar with a trident!!
You die...

#.≈.#########'###'#############.≈
#.≈.##.....##.§.......#+ ##.≈
#.≈..##...##..§§≈≈≈≈§..# ##..≈
#.≈≈..##.##..§§§....§≈§. ##..≈≈
#∩.≈≈..#'#..§§..⌠∩⌠.§≈§. #..≈≈.
##.≈≈..#'#..≈§.o.⌠..§§≈. #..≈≈.
#.≈≈..##.##..§§ooo..≈≈.. ##..≈≈
#.≈).##..)'#..§≈≈§≈§≈..# ##..≈
#.≈)##.....##.§.@.....##.$$$.##.≈
#.≈)#############'#############.≈
#.≈..........## ... #####..≈
#.≈≈≈≈≈≈≈≈≈≈..## )[#######≈≈≈≈≈≈≈
#..........≈≈).##.##)).##........
##########..≈≈..###))≈..##.######
##..≈≈.....≈≈...##...###
##..≈≈≈≈≈≈≈..#######..∩
##.........## ####


You could see an orc knight and 3 orc warriors.

Vanquished Creatures
  A water moccasin (D:7)
  A black bear (D:6)
  4 orc warriors
  4 ice beasts
  5 ogres
  3 centaurs (D:7)
  2 big kobolds
  5 bullfrogs
  A scorpion (D:5)
  4 killer bees
  5 wights (D:6)
  2 howler monkeys
  2 crimson imps
  2 hounds
  A centaur zombie (D:7)
  An orc priest (D:7)
  5 orc wizards
  5 gnoll shamans (D:7)
  3 jellies
  Ijyb (D:4)
  A centaur skeleton (D:5)
  4 worker ants
  A hound skeleton (D:4)
  A worker ant zombie (D:5)
  16 gnolls
  12 adders
  3 shadow imps
  2 oozes
  An adder skeleton (D:4)
  An adder zombie (D:7)
  2 worms (D:2)
  2 dart slugs
  3 leopard geckos
  30 orcs
  2 giant cockroaches (D:1)
  10 goblins
  8 hobgoblins
  8 jackals
  29 kobolds
  5 quokkas
  A ball python (D:1)
  12 bats
  13 frilled lizards
  A jackal zombie (D:5)
  A leopard gecko skeleton (D:6)
  2 quokka skeletons
  2 quokka zombies
  8 rats
238 creatures vanquished.

Vanquished Creatures (others)
  5 fungi (D:7)
5 creatures vanquished.

Grand Total: 243 creatures vanquished

Notes
Turn   | Place    | Note
-------+----------+-------------------------------------------
     0 | D:1      | nightchill the Ghoul Warper began the quest for the Orb.
     0 | D:1      | Reached XP level 1. HP: 17/17 MP: 2/2
    57 | D:1      | Reached skill level 1 in Throwing
   285 | D:1      | Reached XP level 2. HP: 19/24 MP: 3/3
   468 | D:1      | Found a glowing golden altar of the Shining One.
   595 | D:1      | Reached skill level 3 in Unarmed Combat
   857 | D:1      | Reached XP level 3. HP: 24/30 MP: 4/4
  1434 | D:2      | Reached skill level 4 in Unarmed Combat
  1434 | D:2      | Reached XP level 4. HP: 29/38 MP: 5/5
  2291 | D:3      | Reached XP level 5. HP: 45/45 MP: 6/6
  2464 | D:3      | Reached skill level 5 in Unarmed Combat
  2798 | D:4      | Reached XP level 6. HP: 48/52 MP: 7/7
  2958 | D:4      | Noticed Ijyb
  2971 | D:4      | Killed Ijyb
  2971 | D:4      | Reached skill level 6 in Unarmed Combat
  3509 | D:4      | Reached XP level 7. HP: 55/60 MP: 8/8
  3737 | D:4      | Reached skill level 5 in Fighting
  3737 | D:4      | Reached skill level 7 in Unarmed Combat
  3747 | D:4      | Found Qugolegu's Distillery.
  4036 | D:5      | Entered Level 5 of the Dungeon
  4240 | D:5      | Reached skill level 8 in Unarmed Combat
  4307 | D:5      | Reached XP level 8. HP: 49/69 MP: 9/9
  4524 | D:5      | Found a basalt altar of Yredelemnul.
  4548 | D:5      | Found a bloodstained altar of Trog.
  4704 | D:5      | Found a hazy altar of Hepliaklqana.
  4706 | D:5      | Found a shadowy altar of Dithmenos.
  4706 | D:5      | Found a radiant altar of Vehumet.
  4719 | D:5      | Found a sacrificial altar of Ru.
  4719 | D:5      | Found a sparkling altar of Nemelex Xobeh.
  5023 | D:6      | Found a glowing silver altar of Zin.
  5146 | D:6      | Reached skill level 9 in Unarmed Combat
  5277 | D:6      | Found a staircase to the Ecumenical Temple.
  5284 | Temple   | Entered the Ecumenical Temple
  5302 | Temple   | Became a worshipper of Makhleb the Destroyer
  5651 | D:6      | Found a deep blue altar of Sif Muna.
  5839 | D:7      | Reached skill level 1 in Invocations
  5887 | D:7      | Reached XP level 9. HP: 77/79 MP: 10/10
  5913 | D:7      | Reached skill level 10 in Unarmed Combat
  6075 | D:7      | Reached * piety under Makhleb
  6346 | D:7      | Reached skill level 5 in Invocations
  6966 | D:7      | Learned a level 1 spell: Apportation
  6969 | D:7      | Learned a level 2 spell: Blink
  6978 | D:7      | Learned a level 2 spell: Shroud of Golubria
  7114 | D:7      | Reached ** piety under Makhleb
  7296 | D:7      | Reached XP level 10. HP: 37/90 MP: 13/13
  7515 | D:8      | Found a flagged portal.
  7575 | Bailey   | Entered a bailey
  7763 | Bailey   | Noticed an orc knight
  7868 | Bailey   | HP: 2/90 [orc knight/glaive (9)]
  7868 | Bailey   | Demolished by an orc warrior

Skill      XL: |  1  2  3  4  5  6  7  8  9 10 |
---------------+-------------------------------+-----
Throwing       | 1 |  1.0
Unarmed Combat | 3 4 5 6 8 9 10 | 10.9
Fighting       | 3 4 5 7 8 |  8.7
Invocations    | 1 6 7 |  7.1
Translocations | 3 |  3.2
Armour         | |  0.8
Dodging        | |  1.7
Spellcasting   | |  1.7

Action                   |  1- 3 |  4- 6 |  7- 9 | 10-12 || total
-------------------------+-------+-------+-------+-------++-------
Melee: Unarmed           |   117 |   235 |   405 |    67 ||   824
       Punch             |     2 |     7 |    19 |     6 ||    34
Evoke: Wand              |       |     1 |       |       ||     1
  Use: Scroll            |       |       |    16 |       ||    16
       Potion            |       |       |       |     5 ||     5
  Eat: Chunk             |     9 |     8 |    21 |    11 ||    49
Armor: Leather armour    |    23 |       |       |       ||    23
       Scale mail        |       |    98 |   149 |    51 ||   298
Dodge: Dodged            |    66 |   113 |   167 |    86 ||   432
